 Dungeon Crawl Stone Soup version 0.25-a0-251-g572059c536 (webtiles) character file.

Game seed: 17583383307998473317, levelgen mode: classic

212 Borgoz the Skirmisher (level 5, -2/47 HPs)
             Began as a Hill Orc Fighter on Dec 4, 2019.
             Killed by nerve-wracking pain
             ... invoked by Grinder
              (9 damage)
             ... on level 3 of the Dungeon.
             The game lasted 00:03:15 (2393 turns).

Borgoz the Skirmisher (Hill Orc Fighter)            Turns: 2393, Time: 00:03:15

Health: -2/47      AC: 10    Str: 20    XL:     5   Next: 89%
Magic:  5/5        EV: 12    Int:  8    God:
Gold:   106        SH: 10    Dex: 15    Spells: 4/4 levels left

rFire    . . .     SeeInvis .   a - +0 long sword
rCold    . . .     Gourm    .   c - +0 shield
rNeg     . . .     Faith    .   b - +0 scale mail
rPois    .         Spirit   .   (no helmet)
rElec    .         Reflect  .   (no cloak)
rCorr    .         Harm     .   (no gloves)
MR       .....                  o - +2 pair of boots
Stlth    +.........             (no amulet)
HPRegen  0.15/turn              (no ring)
MPRegen  0.09/turn              (no ring)

@: agile, very slightly contaminated, invisible
A: no striking features
a: no special abilities


You were on level 3 of the Dungeon.
You were not hungry.

You visited 1 branch of the dungeon, and saw 3 of its levels.

You collected 106 gold pieces.

Inventory:

Hand Weapons
 a - a +0 long sword (weapon)
Armour
 b - a +0 scale mail (worn)
 c - a +0 shield (worn)
 o - a +2 pair of boots (worn)
Scrolls
 e - a scroll of fog
 q - a scroll of teleportation
Potions
 d - a potion of might
 h - 3 potions of lignification
 i - a potion of degeneration {unknown}
 l - a potion of curing
 m - a potion of mutation
Comestibles
 f - 3 rations
 g - 7 chunks of flesh


   Skills:
 * Level 4.9 Fighting
 * Level 3.7 Long Blades
 * Level 4.4 Armour
 * Level 4.5 Shields


You had 4 spell levels left.
You didn't know any spells.
Your spell library was empty.

Dungeon Overview and Level Annotations

Branches:
Dungeon (3/15)

Altars:
Vehumet

Annotations:
D:3 Grinder


Message History

Grinder gestures at you.
You suddenly lose the ability to move!
Grinder hits you.
* * * LOW HITPOINT WARNING * * *
You writhe in agony.
* * * LOW HITPOINT WARNING * * *
Grinder gestures at you. You resist with significant effort.
You can move again.
Unknown command.
It was a potion of invisibility.
You fade into invisibility!
Grinder zaps a wand.
The puff of flame hits you but does no damage.
You are very lightly contaminated with residual magic.
It was a potion of agility.
You feel agile all of a sudden. Grinder gestures at you.
Pain shoots through your body!
You die...

,,,,,,,...........###(...........
,,,,,,,...........'............).
,,***,*##.........##.#.....#.#(##
,,**,,,*#.........#*,#,...,+....#
,,**,,,*#...#.....#*,*,....#....#
,,*,,,,+....#.....##,............
,,,,,,,*,##*#......#.............
******,*,#####.......#...........
,,,,,,,*,#......@....#.....#.....
,,,,,,**,#.##..†5.......####.....
,,,,,,**,*,#............# #.....
,,,,,,**,*,#............#**#.....
,,,,,,,,,*............(.+,,......
,****,**,...%...........#**##....
,,,,*,**,..#.............,,,.....
,,,,*+**,..#.#+###......,,,,,#...
,,,,,,,*,,,*,,,,**,##+#*,,,,,##.#


You could see Grinder.

Vanquished Creatures
  An orc priest (D:3)
  3 orc wizards
  An adder (D:2)
  An ooze (D:2)
  3 worms
  2 dart slugs
  5 leopard geckos
  7 orcs
  4 giant cockroaches
  5 goblins
  7 hobgoblins
  4 jackals (D:1)
  9 kobolds
  A quokka (D:2)
  3 bats
  3 frilled lizards
  4 rats
63 creatures vanquished.

Vanquished Creatures (others)
  A bat (D:2)
  A rat (D:2)
2 creatures vanquished.

Grand Total: 65 creatures vanquished

Notes
Turn   | Place    | Note
-------+----------+-------------------------------------------
     0 | D:1      | Borgoz the Hill Orc Fighter began the quest for the Orb.
     0 | D:1      | Reached XP level 1. HP: 19/19 MP: 1/1
    84 | D:1      | Reached XP level 2. HP: 16/27 MP: 2/2
   464 | D:1      | Reached XP level 3. HP: 29/33 MP: 3/3
  1276 | D:2      | Found a radiant altar of Vehumet.
  1368 | D:2      | Reached XP level 4. HP: 40/40 MP: 4/4
  1590 | D:2      | Reached XP level 5. HP: 34/47 MP: 5/5
  2373 | D:3      | Noticed Grinder
  2389 | D:3      | Paralysed by Grinder for 3 turns
  2393 | D:3      | Killed from afar by Grinder

Levels and vault maps discovered:
D:1:      enne_arrival_octagon_isle, layout_rooms, minmay_curled_crystal
D:2:      layout_basic, fiery_altar_vehumet
D:3:      layout_basic, lemuel_coloured_pillars_altar, first_ration,
          grunt_ministairs_13, uniq_ijyb, uniq_grinder

Skill      XL: |  1  2  3  4 |
---------------+-------------+-----
Fighting       | 4 |  4.9
Long Blades    | 3 |  3.7
Armour         | 4 |  4.4
Shields        | 4 |  4.5

Action                   |  1- 3 |  4- 6 || total
-------------------------+-------+-------++-------
Melee: Long sword        |   130 |   103 ||   233
  Use: Scroll            |       |     5 ||     5
       Potion            |       |     4 ||     4
  Eat: Chunk             |     2 |     3 ||     5
Armor: Scale mail        |    48 |    39 ||    87
       Skin              |       |     8 ||     8
Dodge: Dodged            |    48 |    31 ||    79
Block: Shield            |    78 |    57 ||   135
       Rpst.: Long sword |    18 |     8 ||    26

Table legend:
 A = Non-vault XP
 B = Vault XP
 C = Vault XP percentage of total XP
 D = Non-vault monster count
 E = Vault monster count
 F = Vault count percentage of total count
                 A         B        C        D         E       F
            +---------+---------+-------+---------+---------+-------
      Total |     214 |      89 |  29.4 |      58 |       5 |   7.9
            +---------+---------+-------+---------+---------+-------
        D:1 |      45 |       0 |   0.0 |      24 |       0 |   0.0
        D:2 |      47 |      83 |  63.8 |      16 |       3 |  15.8
        D:3 |     122 |       6 |   4.7 |      18 |       2 |  10.0
            +---------+---------+-------+---------+---------+-------
